 Dungeon Crawl Stone Soup version 0.18.1-48-g4cf74bf (webtiles) character file.

7499 BabyRage the Cleaver (level 11, -20/148 HPs)
             Began as a Naga Warper on Aug 9, 2016.
             Was a Believer of Trog.
             Demolished by Snorg (22 damage)
             ... on level 10 of the Dungeon.
             The game lasted 00:27:41 (10849 turns).

BabyRage the Cleaver (Naga Warper)                 Turns: 10849, Time: 00:27:42

Health: -20/148    AC: 14    Str: 20    XL:     11   Next: 16%
Magic:  14/14      EV:  4    Int: 13    God:    Trog [**....]
Gold:   584        SH:  0    Dex: 16    Spells: 0 memorised, 14 levels left

rFire  . . .     SeeInvis +     w - +1 war axe
rCold  . . .     Gourm    .     j - +0 chain mail
rNeg   . . .     Faith    .     (no shield)
rPois  +         Spirit   .     (no helmet)
rElec  .         Dismiss  .     (no cloak)
rCorr  +         Reflect  .     r - +0 pair of gloves
SustAt .         Harm     .     m - +1 naga barding
MR     +....                    h - amulet of regeneration
Stlth  ..........               D - +3 ring of dexterity
                                x - ring of resist corrosion

@: berserking (expiring), quick, somewhat resistant to hostile enchantments,
extremely unstealthy
A: see invisible, blink, deformed body, sense surroundings 1, poison resistance,
slowness 2, slow metabolism 1, spit poison 2, evolution 1, AC +3
a: Spit Poison, Blink, Berserk, Trog's Hand, Burn Spellbooks, Renounce Religion


You were on level 10 of the Dungeon.
You worshipped Trog.
Trog was pleased with you.
You were hungry.

You visited 2 branches of the dungeon, and saw 11 of its levels.

You collected 584 gold pieces.

Inventory:

Hand Weapons
 l - a +0 blowgun
 w - a +1 war axe (weapon)
Missiles
 i - 15 tomahawks
 p - 71 poisoned needles
 t - 4 curare-tipped needles
 u - a throwing net (quivered)
Armour
 j - a +0 chain mail (worn)
 m - a +1 naga barding (worn)
 r - a +0 pair of gloves (worn)
Jewellery
 h - an amulet of regeneration (around neck)
 x - a ring of resist corrosion (left hand)
 D - a +3 ring of dexterity (right hand)
Wands
 o - a wand of slowing (27/48)
 s - a wand of disintegration (17/24)
 C - a wand of lightning (3/15)
Scrolls
 b - 9 scrolls of remove curse
 d - 3 scrolls of blinking
 q - a scroll of magic mapping
 y - a scroll of brand weapon {unknown}
 A - 2 scrolls of recharging
 E - a scroll of teleportation
Potions
 c - a potion of cure mutation
 e - 5 potions of curing
 k - 2 potions of brilliance
 n - a potion of agility
 F - a potion of cancellation
Comestibles
 a - 7 slices of pizza
 f - 5 bread rations
 g - 5 meat rations
 v - 3 beef jerkies
 z - 6 fruits


   Skills:
 + Level 6.6 Fighting
 * Level 14.9 Axes
 - Level 0.8 Throwing
 - Level 0.7 Armour
 - Level 1.5 Dodging
 - Level 2.0 Spellcasting
   Level 3.0 Translocations


You had 14 spell levels left.
You didn't know any spells.

Dungeon Overview and Level Annotations

Branches:
Dungeon (10/15)            Temple (1/1) D:4
   Lair: D:8-11         Orc: D:9-12

Altars:
Ashenzari
Cheibriados
Dithmenos
Elyvilon
Fedhas
Gozag
Kikubaaqudgha
Makhleb
Nemelex Xobeh
Okawaru
Pakellas
Qazlal
Ru
Sif Muna
Trog
Vehumet
Xom
Yredelemnul
Zin
The Shining One

Shops:
D:8 *

Annotations:
D:5 Prince Ribbit
D:8 Maurice
D:10 Snorg


Innate Abilities, Weirdness & Mutations

You cannot wear boots.
Your serpentine skin is tough (AC +3).
You have supernaturally acute eyesight.
Armour fits poorly on your strangely shaped body.
Your system is resistant to poisons.
You cover ground very slowly.
You have a slow metabolism.
You can spit poison.
You can translocate small distances at will.
You passively map a small area around you.
You evolve.


Message History

You are too injured to fight recklessly!
You closely miss Snorg.
Snorg is heavily wounded.
Snorg barely misses you. Snorg claws you!
* * * LOW HITPOINT WARNING * * *
Snorg claws you!
* * * LOW HITPOINT WARNING * * *
You closely miss Snorg.
Snorg is heavily wounded.
Snorg bites you!
* * * LOW HITPOINT WARNING * * *
Snorg barely misses you. Snorg claws you!
* * * LOW HITPOINT WARNING * * *
You completely miss Snorg.
Snorg is heavily wounded.
Unknown command.
You slice Snorg!!
Snorg is severely wounded.
Snorg bites you!!
You die...

###### * *# #....####
#####..# #.......#
#.@T..#
#.....#.####.#####
#....##.#....#
####.........############
#(......##...##.........#
((##......##.##.........#
####....#..#.##.........#
# #....##.#............#
# #######....#.........#


You could see Snorg (berserk).

Vanquished Creatures
  The ghost of ayyllmao the Spear-Bearer, a novice MiBe of Trog (D:10)
  Pikel (D:6)
  Joseph (D:8)
  Grinder (D:6)
  A vampire (D:10)
  Sigmund (D:3)
  A human (D:9)
  A hog (D:9)
  2 hippogriffs (D:6)
  Grum (D:8)
  A hungry ghost (D:7)
  A soldier ant (D:10)
  Duvessa (D:4)
  An orc warrior (D:9)
  2 phantoms
  An ice beast (D:10)
  A sky beast (D:7)
  A necrophage (D:7)
  2 slaves (D:6)
  A wasp (D:8)
  The ghost of BabyRage the Chopper, an amateur NaWr (D:3)
  5 ogres
  5 centaurs
  3 wolves (D:8)
  4 big kobolds
  Blork the orc (D:6)
  A gnoll sergeant (D:8)
  A giant frog (D:7)
  Dowan (D:4)
  A water moccasin skeleton (D:5)
  2 scorpions
  10 killer bees
  7 wights
  6 howler monkeys (D:8)
  2 crimson imps
  6 hounds
  3 jellies
  A centaur zombie (D:8)
  2 giant frog zombies (D:8)
  A centaur skeleton (D:7)
  4 orc wizards
  3 giant frog skeletons
  4 iguanas
  5 worker ants
  3 sheep (D:9)
  A worker ant zombie (D:6)
  3 gnolls (D:8)
  13 adders
  4 shadow imps
  An ooze (D:7)
  An adder zombie (D:9)
  An adder skeleton (D:7)
  4 worms
  2 dart slugs
  5 giant geckos
  21 orcs
  8 bats
  4 giant cockroaches
  3 goblins
  8 hobgoblins
  3 jackals (D:7)
  10 quokkas
  A giant newt (D:2)
  28 kobolds
  A quokka skeleton (D:6)
  5 rats
232 creatures vanquished.

Vanquished Creatures (others)
  An ugly thing (D:4)
  A giant gecko zombie (D:6)
2 creatures vanquished.

Grand Total: 234 creatures vanquished

Notes
Turn   | Place    | Note
--------------------------------------------------------------
     0 | D:1      | BabyRage the Naga Warper began the quest for the Orb.
     0 | D:1      | Reached XP level 1. HP: 19/19 MP: 3/3
   502 | D:1      | Reached XP level 2. HP: 26/26 MP: 5/5
   815 | D:1      | Gained mutation: You evolve. [potion of mutation]
   815 | D:1      | Gained mutation: You can translocate small distances at will. [potion of mutation]
   815 | D:1      | Gained mutation: You rapidly evolve. [potion of mutation]
   842 | D:2      | Reached skill level 3 in Axes
  1347 | D:2      | Reached XP level 3. HP: 28/32 MP: 6/6
  1972 | D:2      | Reached skill level 4 in Axes
  1974 | D:2      | Gained mutation: Your spells are a little harder to cast, but a little more powerful. [evolution]
  1974 | D:2      | Lost mutation: You rapidly evolve. [end of evolution]
  1983 | D:2      | Reached XP level 4. HP: 25/39 MP: 7/7
  2136 | D:2      | Found a shadowy altar of Dithmenos.
  2269 | D:3      | Noticed BabyRage's ghost (amateur NaWr)
  2544 | D:2      | Reached skill level 5 in Axes
  2544 | D:2      | Reached XP level 5. HP: 17/45 MP: 8/8
  2961 | D:3      | Killed BabyRage's ghost
  3236 | D:3      | Noticed Sigmund
  3397 | D:2      | Reached skill level 6 in Axes
  3397 | D:2      | Reached XP level 6. HP: 27/52 MP: 9/9
  4380 | D:3      | Killed Sigmund
  4380 | D:3      | Reached skill level 7 in Axes
  4574 | D:3      | Reached XP level 7. HP: 60/60 MP: 10/10
  4583 | D:3      | Found a sparkling altar of Nemelex Xobeh.
  5182 | D:4      | Found an oddly glowing altar of Pakellas.
  5182 | D:4      | Noticed a purple ugly thing
  5190 | D:4      | Killed a purple ugly thing
  5216 | D:4      | Gained mutation: You passively map a small area around you. [evolution]
  5239 | D:4      | Found a staircase to the Ecumenical Temple.
  5294 | D:4      | Reached skill level 8 in Axes
  5420 | D:4      | Found a deep blue altar of Sif Muna.
  5487 | D:4      | Noticed Dowan
  5488 | D:4      | Noticed Duvessa
  5501 | D:4      | Killed Duvessa
  5507 | D:4      | Killed Dowan
  5682 | D:5      | Entered Level 5 of the Dungeon
  5728 | D:5      | Reached skill level 9 in Axes
  5728 | D:5      | Reached XP level 8. HP: 67/67 MP: 11/11
  5743 | D:5      | Found a basalt altar of Yredelemnul.
  5759 | D:5      | Found a white marble altar of Elyvilon.
  6114 | Temple   | Entered the Ecumenical Temple
  6250 | D:5      | Noticed Prince Ribbit
  6625 | D:6      | Noticed Blork the orc
  6638 | D:6      | Killed Blork the orc
  6715 | D:6      | Noticed Pikel
  6771 | D:6      | Reached skill level 10 in Axes
  6881 | D:6      | Found an oddly glowing altar of Pakellas.
  7069 | D:6      | Reached skill level 11 in Axes
  7077 | D:6      | Reached XP level 9. HP: 39/73 MP: 12/12
  7087 | D:6      | Noticed Grinder
  7105 | D:6      | Paralysed by Grinder for 4 turns
  7110 | D:6      | Paralysed by Grinder for 6 turns
  7120 | D:6      | Killed Grinder
  7308 | D:6      | Killed Pikel
  7308 | D:6      | Reached skill level 12 in Axes
  7469 | D:6      | Got a smoking long sword
  7470 | D:6      | Identified the +8 long sword "Giycoulo" {slice, +Fly rPois Stlth+} (You found it on level 6 of the Dungeon)
  7680 | D:6      | Found a shattered altar of Ashenzari.
  7694 | D:6      | Lost mutation: Your spells are a little harder to cast, but a little more powerful. [evolution]
  8225 | D:7      | Reached skill level 13 in Axes
  8397 | D:7      | Reached XP level 10. HP: 83/83 MP: 13/13
  8523 | D:8      | Found a stormy altar of Qazlal.
  8561 | D:8      | Noticed Maurice
  8661 | D:8      | Found Zin's Purification Station.
  8739 | D:8      | Found a glowing silver altar of Zin.
  8768 | D:8      | Noticed Joseph
  8788 | D:8      | Killed Joseph
  8915 | D:8      | Found a bloodstained altar of Trog.
  8920 | D:8      | Became a worshipper of Trog the Wrathful
  9315 | D:8      | Noticed Grum
  9330 | D:8      | Killed Grum
  9336 | D:8      | Reached skill level 5 in Fighting
  9374 | D:8      | Reached skill level 14 in Axes
  9536 | D:9      | Found an opulent altar of Gozag.
  9701 | D:9      | Reached * piety under Trog
  9868 | D:9      | Found a sacrificial altar of Ru.
 10116 | D:9      | Found a radiant altar of Vehumet.
 10363 | D:9      | Reached ** piety under Trog
 10396 | D:10     | Entered Level 10 of the Dungeon
 10467 | D:10     | Reached XP level 11. HP: 90/96 MP: 14/14
 10495 | D:10     | Noticed ayyllmao's ghost (novice MiBe)
 10513 | D:10     | Killed ayyllmao's ghost
 10835 | D:10     | Noticed Snorg
 10847 | D:10     | HP: 1/148 [Snorg (9)]
 10849 | D:10     | Demolished by Snorg

Skill      XL: |  1  2  3  4  5  6  7  8  9 10 |
---------------+-------------------------------+-----
Axes           | 3 4 5 6 7 9 11 13 14 | 14.9
Fighting       | 3 6 |  6.6
Throwing       | |  0.8
Armour         | |  0.7
Dodging        | |  1.5
Spellcasting   | |  2.0
Translocations | |  3.0

Action                   |  1- 3 |  4- 6 |  7- 9 | 10-12 || total
-------------------------+-------+-------+-------+-------++-------
Melee: Hand axe          |   103 |   239 |    21 |       ||   363
       War axe           |       |       |   433 |   414 ||   847
 Fire: Blowgun           |       |     4 |    16 |     6 ||    26
Throw: Tomahawk          |     1 |    14 |       |       ||    15
       Throwing net      |       |     3 |     1 |     1 ||     5
Invok: Burn Spellbooks   |       |       |       |     2 ||     2
       Berserk           |       |       |       |     4 ||     4
 Abil: Spit Poison       |    25 |    22 |    37 |    14 ||    98
Evoke: Wand              |       |       |       |     1 ||     1
  Use: Scroll            |     2 |     4 |     5 |     7 ||    18
       Potion            |     1 |       |     4 |     2 ||     7
 Stab: Held in net/web   |       |     3 |     1 |       ||     4
       Invisible         |       |       |       |     4 ||     4
  Eat: Chunk             |     2 |     4 |    10 |     7 ||    23
       Pizza             |       |     1 |     1 |     1 ||     3
       Bread ration      |       |     1 |     1 |       ||     2
       Beef jerky        |       |       |     3 |       ||     3
       Meat ration       |       |       |     1 |       ||     1
       Royal jelly       |       |       |     1 |       ||     1
Armor: Leather armour    |    14 |       |       |       ||    14
       Chain mail        |    65 |   221 |   340 |   339 ||   965
Dodge: Dodged            |    26 |    39 |    46 |    50 ||   161
